[Event "Titled Tuesday Blitz February 22 Early 2022"]
[White "Krysa, Leandro"]
[Black "Fiorito, Fabian"]
[WhiteFideId "116807"]
[BlackFideId "100200"]
[WhiteElo "2490"]
[BlackElo "2395"]
[Result "1-0"]
[Round "05"]
[TimeControl "180+1"]
[Date "2022.02.22"]
[WhiteClock "0:00:29"]
[BlackClock "0:00:09"]

1. e4 c6 2. d4 d5 3. e5 Bf5 4. h4 h5 5. Bg5 Qb6 6. Bd3 Qxd4 7. Nf3 Qg4 8. Bxf5 Qxf5 9. O-O e6 10. c4 Be7 11. Qb3 b6 12. Nc3 Nd7 13. cxd5 exd5 14. e6 Qxe6 15. Nd4 Qd6 16. Nf5 Qg6 17. Nxd5 Qxf5 18. Nc7+ Kd8 19. Nxa8 Kc8 20. Rfe1 f6 21. Qf7 Kb7 22. Rad1 Kxa8 23. Qe8+ Nb8 24. Rxe7 Nxe7 25. Qxh8 fxg5 26. Rd8 Qe5 27. hxg5 Nd5 28. Qe8 Qc7 29. Rc8 Qf4 30. Qxc6# 1-0


[Site "https://www.chess.com"]

[Event "Titled Tuesday Blitz February 22 Early 2022"]
[White "Lakshmi C"]
[Black "Batsiashvili, Nino"]
[WhiteFideId "25035347"]
[BlackFideId "13602993"]
[WhiteElo "1775"]
[BlackElo "2230"]
[Result "0-1"]
[Round "05"]
[TimeControl "180+1"]
[Date "2022.02.22"]
[WhiteClock "0:00:01"]
[BlackClock "0:00:14"]

1. d4 d5 2. c4 e6 3. Nc3 a6 4. e3 Nf6 5. Nf3 Be7 6. b3 O-O 7. Bb2 b6 8. Bd3 Bb7 9. O-O Nbd7 10. Ne5 dxc4 11. Nxc4 c5 12. Ne2 b5 13. Ne5 Nxe5 14. dxe5 Nd7 15. f4 f6 16. Ng3 f5 17. e4 g6 18. Kh1 Bh4 19. exf5 Bxg3 20. hxg3 gxf5 21. Qh5 Qe8 22. Qh4 Qg6 23. Rad1 Nb6 24. Be2 Nd5 25. Bh5 Qg7 26. Rfe1 Rad8 27. Kh2 Rd7 28. Rd2 Rc7 29. Ba3 b4 30. Bb2 c4 31. bxc4 Rxc4 32. Be2 Re4 33. Rc1 Nxf4 34. Bf3 Ng6 35. Qg5 h6 36. Qh5 f4 37. Bxe4 Bxe4 38. Rcd1 f3 39. Rd7 Rf7 40. Rd8+ Kh7 41. g4 f2 42. g5 f1=Q 43. Rxf1 Rxf1 44. gxh6 Qf7 45. Bd4 Rf5 46. Qh3 Rg5 47. Be3 Rxg2+ 0-1


[Site "https://www.chess.com"]

[Event "Titled Tuesday Blitz February 22 Early 2022"]
[White "Lazavik, Denis"]
[Black "Perez Ponsa, Federico"]
[WhiteFideId "13515110"]
[BlackFideId "117927"]
[WhiteElo "2436"]
[BlackElo "2672"]
[Result "1-0"]
[Round "05"]
[TimeControl "180+1"]
[Date "2022.02.22"]
[WhiteClock "0:00:12"]
[BlackClock "0:00:27"]

1. d4 Nf6 2. c4 e6 3. Nf3 d5 4. g3 Be7 5. Bg2 O-O 6. O-O dxc4 7. Qc2 a6 8. a4 Bd7 9. Qxc4 Bc6 10. Bg5 Nbd7 11. Nc3 a5 12. Rfe1 Bd5 13. Qd3 b6 14. e4 Bb7 15. Rad1 h6 16. Bf4 Nh5 17. Bc1 Nhf6 18. d5 Nc5 19. Qc2 exd5 20. e5 Nfe4 21. Nxe4 Nxe4 22. Rxe4 dxe4 23. Rxd8 Raxd8 24. Nd2 Bb4 25. Nxe4 Rfe8 26. Nf6+ gxf6 27. Bxb7 Rxe5 28. Bxh6 Bc5 29. Be3 Bxe3 30. fxe3 Rxe3 31. Kg2 Rde8 32. Bf3 c5 33. Qf5 R8e6 34. h4 R3e5 35. Qf4 Kf8 36. h5 Rg5 37. h6 Kg8 38. Be4 Rxe4 39. Qxe4 Rg6 40. Qh4 Kh7 41. Qh5 c4 42. Kf3 Kg8 43. h7+ Kh8 44. g4 Rg7 45. Qb5 Rxh7 46. Qxb6 Kg7 47. Qxa5 Rh3+ 48. Kf4 Rb3 49. Qd2 Rd3 50. Qc2 Rd4+ 51. Kg3 Kf8 52. a5 Rd5 53. Qc3 Kg7 54. Qb4 Rd3+ 55. Kf2 c3 56. bxc3 Rd2+ 57. Ke3 Rd8 58. a6 Re8+ 59. Kf3 Rd8 60. Qb7 Ra8 61. Qxa8 1-0


[Site "https://www.chess.com"]

[Event "Titled Tuesday Blitz February 22 Early 2022"]
[White "Leiva, Gianmarco"]
[Black "Popadic, Dragan"]
[WhiteFideId "3804399"]
[BlackFideId "913650"]
[WhiteElo "2328"]
[BlackElo "2199"]
[Result "1-0"]
[Round "05"]
[TimeControl "180+1"]
[Date "2022.02.22"]
[WhiteClock "0:00:40"]
[BlackClock "0:01:01"]

1. e4 c5 2. Nf3 Nc6 3. Bb5 e5 4. O-O d6 5. c3 Bd7 6. d4 Qc7 7. Re1 Nf6 8. h3 Be7 9. Nbd2 a6 10. Ba4 b5 11. Bb3 O-O 12. Nf1 Na5 13. Bc2 Rac8 14. dxe5 dxe5 15. Ng3 h6 16. Nh4 Rfd8 17. Qf3 Bc6 18. Nhf5 Nc4 19. Nxe7+ Qxe7 20. Nf5 Qe6 21. Qg3 Ne8 22. Nxh6+ Kf8 23. Nf5 Nd2 24. Qh4 Nf6 25. Qh8+ Ng8 26. Qxg7+ Ke8 27. Qxg8+ Kd7 28. Qg5 Nc4 29. b3 Nd6 30. Nxd6 Kxd6 31. Be3 Bb7 32. Rad1+ Kc6 33. Rxd8 1-0


[Site "https://www.chess.com"]

[Event "Titled Tuesday Blitz February 22 Early 2022"]
[White "Lenderman, Aleksandr"]
[Black "Obolentseva, Alexandra"]
[WhiteFideId "2021285"]
[BlackFideId "24153648"]
[WhiteElo "2651"]
[BlackElo "2113"]
[Result "1-0"]
[Round "05"]
[TimeControl "180+1"]
[Date "2022.02.22"]
[WhiteClock "0:01:51"]
[BlackClock "0:01:06"]

1. Nf3 Nf6 2. c4 g6 3. Nc3 Bg7 4. e4 O-O 5. d4 d6 6. Be2 e5 7. O-O exd4 8. Nxd4 Re8 9. f3 c6 10. Bf4 a6 11. Kh1 b5 12. cxb5 Nh5 13. Be3 axb5 14. a3 Qh4 15. Bf2 Qg5 16. g3 Bb7 17. f4 Qf6 18. Bxh5 gxh5 19. Qxh5 Nd7 20. Nf5 Nc5 21. e5 dxe5 22. Bxc5 Rad8 23. Ne4 Qg6 24. Qxg6 hxg6 25. Nxg7 Kxg7 26. Nd6 1-0


[Site "https://www.chess.com"]

[Event "Titled Tuesday Blitz February 22 Early 2022"]
[White "Ljukin, Sergei"]
[Black "Gunina, Valentina"]
[WhiteFideId "14102200"]
[BlackFideId "4167570"]
[WhiteElo "2312"]
[BlackElo "2465"]
[Result "1-0"]
[Round "05"]
[TimeControl "180+1"]
[Date "2022.02.22"]
[WhiteClock "0:00:33"]
[BlackClock "0:00:20"]

1. e4 c6 2. d4 d5 3. e5 Bf5 4. Nd2 e6 5. Nb3 Nd7 6. Nf3 Ne7 7. Be2 Qc7 8. O-O h6 9. a4 Bh7 10. a5 Nf5 11. c4 dxc4 12. Bxc4 Be7 13. Bf4 O-O 14. Rc1 Rfd8 15. Qe2 Nf8 16. Rfd1 Ng6 17. Bg3 Rac8 18. d5 cxd5 19. Bxd5 Qd7 20. Be4 Rxc1 21. Rxc1 Qa4 22. Bc2 Qb4 23. Qe1 Qb5 24. Bxf5 exf5 25. Nbd4 Qd7 26. e6 fxe6 27. Nxe6 Rc8 28. Rxc8+ Qxc8 29. h4 Kf7 30. Nf4 Nxf4 31. Bxf4 Qe6 32. Qc3 Bf6 33. Be5 a6 34. Bxf6 Qxf6 35. Ne5+ Ke6 36. f4 Qxh4 37. Qc4+ Kd6 38. Qd4+ Kc7 39. Qc5+ Kb8 40. Qf8+ Ka7 41. Qc5+ Kb8 42. Nd7+ Ka8 43. Qc8+ 1-0


[Site "https://www.chess.com"]

[Event "Titled Tuesday Blitz February 22 Early 2022"]
[White "Lonoff, Marc"]
[Black "Chojnacki, Slawomir"]
[WhiteFideId "2001349"]
[BlackFideId "1117076"]
[WhiteElo "2248"]
[BlackElo "2084"]
[Result "0-1"]
[Round "05"]
[TimeControl "180+1"]
[Date "2022.02.22"]
[WhiteClock "0:01:06"]
[BlackClock "0:01:45"]

1. c4 c6 2. e4 d5 3. exd5 cxd5 4. cxd5 Nf6 5. Nc3 g6 6. Bc4 Bg7 7. Nge2 O-O 8. a3 a6 9. Ba2 b5 10. O-O Bb7 11. Nf4 Nbd7 12. d4 Nb6 13. Qf3 e6 14. Re1 Nfxd5 15. Nfxd5 Nxd5 16. Nxd5 Bxd5 17. Bxd5 Qxd5 18. Qxd5 exd5 19. Be3 Rac8 20. Rac1 Rfe8 21. Kf1 f5 22. b3 Bf8 23. b4 Rc4 24. Rxc4 dxc4 25. Rd1 Kf7 26. d5 Bd6 27. Bc5 Rd8 28. Ke2 Be5 29. g3 Bb2 30. d6 Ke6 31. Kd2 Bf6 32. f4 Kd7 33. Re1 Re8 34. Rxe8 Kxe8 35. Kc2 Kd7 36. Kb1 Bg7 37. a4 Bf8 0-1


[Site "https://www.chess.com"]

[Event "Titled Tuesday Blitz February 22 Early 2022"]
[White "Lopez Mulet, Inigo"]
[Black "Namitbir Singh Walia"]
[WhiteFideId "22235620"]
[BlackFideId "35071068"]
[WhiteElo "2315"]
[BlackElo "1479"]
[Result "0-1"]
[Round "05"]
[TimeControl "180+1"]
[Date "2022.02.22"]
[WhiteClock "0:00:25"]
[BlackClock "0:00:09"]

1. b3 Nf6 2. Bb2 d5 3. f4 Bf5 4. Nf3 e6 5. e3 Nbd7 6. d3 c6 7. h3 h5 8. g3 Qb6 9. Qd2 Bb4 10. c3 Bc5 11. Nd4 Bxd4 12. cxd4 O-O 13. Bg2 a5 14. Nc3 Qa6 15. O-O Qxd3 16. Qf2 Qc2 17. Rac1 Qxf2+ 18. Rxf2 Nb6 19. Ba3 Rfc8 20. Be7 a4 21. Bxf6 gxf6 22. Kh2 axb3 23. axb3 Ra3 24. Rb2 Rca8 25. Bf3 Bg6 26. g4 hxg4 27. hxg4 Ra1 28. Rxa1 Rxa1 29. Kg3 Bd3 30. Be2 Bxe2 31. Nxe2 Kf8 32. Nc3 Rc1 33. Na4 Nd7 34. b4 Ke7 35. b5 c5 36. b6 cxd4 37. exd4 Rc4 38. Nc5 Nxc5 39. dxc5 Rxc5 40. Kf3 Rc3+ 41. Ke2 Kd6 42. Kd2 Rc4 43. Ke3 Kc6 44. Rh2 Kd6 45. Rb2 Re4+ 46. Kf3 e5 47. f5 Rf4+ 48. Kg3 Rc4 49. Ra2 Rb4 50. Ra8 Rxb6 51. Rd8+ Kc5 52. Rd7 Kd4 53. Rxf7 e4 54. Kf4 Kd3 55. Re7 Rb4 56. g5 e3+ 57. Kf3 Re4 58. gxf6 e2 59. Rxe4 dxe4+ 60. Kf2 Kd2 61. f7 e1=Q+ 62. Kg2 Qe2+ 63. Kg3 Qf3+ 64. Kh4 Qxf5 0-1


[Site "https://www.chess.com"]

[Event "Titled Tuesday Blitz February 22 Early 2022"]
[White "Lorente Serrano, Rosa Adela"]
[Black "Dilmukhametov, Artur"]
[WhiteFideId "32091982"]
[BlackFideId "24179922"]
[WhiteElo "1820"]
[BlackElo "2266"]
[Result "1-0"]
[Round "05"]
[TimeControl "180+1"]
[Date "2022.02.22"]
[WhiteClock "0:01:01"]
[BlackClock "0:00:29"]

1. Nf3 Nf6 2. g3 g6 3. b3 Bg7 4. Bb2 O-O 5. Bg2 d6 6. d4 Nbd7 7. O-O Re8 8. c4 c6 9. Nc3 Qc7 10. Rc1 Qb8 11. Re1 e5 12. e4 exd4 13. Nxd4 Ne5 14. h3 a6 15. f4 Ned7 16. Kh2 Nh5 17. Qd2 Nc5 18. b4 Ne6 19. Nf3 d5 20. cxd5 cxd5 21. Nxd5 Kh8 22. Bxg7+ Nexg7 23. e5 Be6 24. Nc7 Rd8 25. Qf2 Nf5 26. Nxa8 Nfxg3 27. Nc7 Nf5 28. Ng5 Rd3 29. Ncxe6 fxe6 30. Red1 Rg3 31. Rd8+ Qxd8 32. Nf7+ Kg7 33. Nxd8 Kf8 34. Nxe6+ Ke7 35. Ng5 h6 36. Ne4 Ra3 37. Qc5+ Kf7 38. Qc7+ Kf8 39. Qd8+ Kf7 40. Rc7+ Ke6 41. Nc5# 1-0


[Site "https://www.chess.com"]

[Event "Titled Tuesday Blitz February 22 Early 2022"]
[White "Maevsky, Nikolay"]
[Black "Skuhala, Barbara"]
[WhiteFideId "4198220"]
[BlackFideId "14605465"]
[WhiteElo "2104"]
[BlackElo "2159"]
[Result "1-0"]
[Round "05"]
[TimeControl "180+1"]
[Date "2022.02.22"]
[WhiteClock "0:02:32"]
[BlackClock "0:02:30"]

1. d4 Nf6 2. Nf3 e6 3. e3 d5 4. Bd3 Be7 5. b3 O-O 6. Bb2 b6 7. Nbd2 c5 8. Ne5 Bb7 9. O-O Nbd7 10. Qf3 Rc8 11. Qh3 a6 12. Rad1 b5 13. Nxd7 Qxd7 14. dxc5 g6 15. b4 a5 16. a3 axb4 17. axb4 Rfd8 18. Nf3 Ne4 19. Bxe4 dxe4 20. Rxd7 1-0


[Site "https://www.chess.com"]

[Event "Titled Tuesday Blitz February 22 Early 2022"]
[White "Magallanes, Rey Jomar"]
[Black "Loy, Konstantin"]
[WhiteFideId "5205948"]
[BlackFideId "14122499"]
[WhiteElo "2225"]
[BlackElo "2084"]
[Result "0-1"]
[Round "05"]
[TimeControl "180+1"]
[Date "2022.02.22"]
[WhiteClock "0:01:37"]
[BlackClock "0:00:57"]

1. e4 c5 2. Nf3 d6 3. d4 cxd4 4. Nxd4 Nf6 5. Nc3 g6 6. Be3 Bg7 7. Bc4 O-O 8. h3 Nc6 9. O-O Nxe4 10. Nxe4 d5 11. Bb5 Nxd4 12. Bxd4 dxe4 13. Bxg7 Qxd1 14. Raxd1 Kxg7 15. c3 Be6 16. b3 Rfd8 17. Be2 Kf6 18. f3 Rxd1 19. Bxd1 e3 20. Re1 Rd8 21. Bc2 Rd2 22. Be4 b6 23. Rxe3 Rxa2 24. c4 Ra3 25. Bc6 Bxc4 26. Ba4 b5 27. Kf2 bxa4 28. bxc4 Rxe3 29. Kxe3 a3 30. Kd2 a2 31. Kc2 a1=Q 0-1


[Site "https://www.chess.com"]

[Event "Titled Tuesday Blitz February 22 Early 2022"]
[White "Maltsevskaya, Aleksandra"]
[Black "FGHSMN"]
[WhiteFideId "24174041"]
[WhiteElo "2583"]
[BlackElo "2805"]
[Result "0-1"]
[Round "05"]
[TimeControl "180+1"]
[Date "2022.02.22"]
[WhiteClock "0:00:03"]
[BlackClock "0:00:10"]

1. e4 c5 2. Nf3 e6 3. d4 cxd4 4. Nxd4 a6 5. Nc3 Qc7 6. Bd3 Nf6 7. Qe2 d6 8. O-O Be7 9. f4 Nbd7 10. Be3 b5 11. a3 Bb7 12. Rae1 O-O 13. Rf3 Nc5 14. Rh3 Ncxe4 15. Bf2 Nxf2 16. Qxf2 g6 17. f5 exf5 18. Nxf5 gxf5 19. Qxf5 Rae8 20. Kh1 Qc5 21. Qf4 Bd8 22. Rf1 Re5 23. Qh6 Bxg2+ 24. Kxg2 Rg5+ 25. Kh1 Rg7 26. Rg3 Rxg3 27. hxg3 Qc6+ 28. Kh2 Ng4+ 29. Kh3 Nxh6 30. Rf4 Qd7+ 31. Kg2 f5 32. Nd5 Bg5 33. Rd4 Kg7 34. Kg1 Qe6 0-1


[Site "https://www.chess.com"]

[Event "Titled Tuesday Blitz February 22 Early 2022"]
[White "Marcinczyk, Monika"]
[Black "Ismayil, Malak"]
[WhiteFideId "1192051"]
[BlackFideId "13412604"]
[WhiteElo "1730"]
[BlackElo "1879"]
[Result "1/2-1/2"]
[Round "05"]
[TimeControl "180+1"]
[Date "2022.02.22"]
[WhiteClock "0:00:11"]
[BlackClock "0:00:05"]

1. e4 e5 2. Nf3 Nc6 3. Bb5 a6 4. Ba4 Nf6 5. d3 b5 6. Bb3 Be7 7. O-O O-O 8. h3 d6 9. c3 h6 10. Re1 Re8 11. Nbd2 Bf8 12. Nf1 Qe7 13. Ng3 g6 14. d4 Bg7 15. d5 Nb8 16. a4 Bb7 17. axb5 axb5 18. Rxa8 Bxa8 19. Qd3 c6 20. dxc6 Bxc6 21. Be3 Rd8 22. Rd1 Qb7 23. Bd5 Bxd5 24. exd5 Nbd7 25. b3 Re8 26. Qd2 Kh7 27. c4 bxc4 28. bxc4 Qc7 29. Qa2 Rc8 30. Nd2 Nb6 31. Bxb6 Qxb6 32. Rb1 Qc7 33. Qa6 Rb8 34. Rxb8 Qxb8 35. Nge4 Ne8 36. Kh2 f5 37. Nc3 e4 38. Nb5 Be5+ 39. g3 Qd8 40. Qa7+ Ng7 41. Qf7 Qg5 42. Nf1 Qc1 43. Ne3 Qd2 44. Kg2 Qe2 45. Nc7 Qf3+ 46. Kg1 Bxg3 47. fxg3 Qxe3+ 48. Kh2 Qf2+ 49. Kh1 Qf1+ 50. Kh2 Qf2+ 51. Kh1 Qf3+ 52. Kh2 Qf2+ 1/2-1/2


[Site "https://www.chess.com"]

[Event "Titled Tuesday Blitz February 22 Early 2022"]
[White "Markelova, Lubov"]
[Black "Jakubowska, Anna"]
[WhiteFideId "24131369"]
[BlackFideId "1121952"]
[WhiteElo "1820"]
[BlackElo "1924"]
[Result "0-1"]
[Round "05"]
[TimeControl "180+1"]
[Date "2022.02.22"]
[WhiteClock "0:00:05"]
[BlackClock "0:00:16"]

1. Nf3 f5 2. d3 Nf6 3. e4 d6 4. Nc3 e5 5. exf5 Bxf5 6. d4 Nc6 7. Bb5 Bd7 8. O-O exd4 9. Bxc6 Bxc6 10. Nxd4 Qd7 11. Re1+ Be7 12. Ne6 g6 13. Bg5 Kf7 14. Qe2 h6 15. Bh4 d5 16. Rad1 Rhe8 17. Nd4 Bd6 18. Qf3 Be7 19. Nce2 Qg4 20. Nxc6 bxc6 21. Qxg4 Nxg4 22. Bxe7 Rxe7 23. Nd4 c5 24. Rxe7+ Kxe7 25. Re1+ Kd7 26. Nb3 Kd6 27. f3 Nf6 28. Kf2 Re8 29. Rxe8 Nxe8 30. Ke3 Nf6 31. Nd2 g5 32. Nf1 Ke5 33. Ng3 c6 34. c3 d4+ 35. Kd3 Nd5 36. Ne2 dxc3 37. Nxc3 Nb4+ 38. Ke3 Nd5+ 39. Kd3 Nf4+ 40. Kc4 Nxg2 41. Kxc5 Ne1 42. Kxc6 Nxf3 43. Nb5 g4 44. Nxa7 Nxh2 45. b4 g3 46. Nb5 g2 0-1


[Site "https://www.chess.com"]

[Event "Titled Tuesday Blitz February 22 Early 2022"]
[White "Martin, Lewis"]
[Black "Zavivaeva, Emilia"]
[WhiteFideId "410551"]
[BlackFideId "34127531"]
[WhiteElo "2145"]
[BlackElo "1685"]
[Result "1-0"]
[Round "05"]
[TimeControl "180+1"]
[Date "2022.02.22"]
[WhiteClock "0:01:45"]
[BlackClock "0:00:24"]

1. e4 d5 2. exd5 Qxd5 3. Nc3 Qa5 4. Bc4 Nf6 5. Nge2 Bg4 6. f3 Bf5 7. d3 e6 8. O-O Bc5+ 9. Kh1 O-O 10. a3 Be7 11. Nd4 Bg6 12. Qe2 c6 13. Nxe6 Re8 14. Nf4 b5 15. Nxg6 hxg6 16. Bb3 b4 17. Ne4 Nbd7 18. Ng5 Nd5 19. Qf2 Nc5 20. Bc4 bxa3 21. Rxa3 Qd8 22. Qh4 Ne6 23. Qh7+ 1-0


[Site "https://www.chess.com"]

[Event "Titled Tuesday Blitz February 22 Early 2022"]
[White "Martinez, Shawn"]
[Black "Bazarov, Konstantin"]
[WhiteFideId "2039770"]
[BlackFideId "4137000"]
[WhiteElo "2174"]
[BlackElo "2079"]
[Result "1-0"]
[Round "05"]
[TimeControl "180+1"]
[Date "2022.02.22"]
[WhiteClock "0:01:14"]
[BlackClock "0:01:13"]

1. e4 c6 2. d4 d5 3. exd5 cxd5 4. Nf3 Nf6 5. Ne5 Nbd7 6. Bd3 g6 7. O-O Bg7 8. Nd2 Nxe5 9. dxe5 Ng4 10. Bb5+ Kf8 11. Nf3 Nxe5 12. Nxe5 Bxe5 13. Re1 Bg7 14. c4 d4 15. b3 e5 16. f4 Qc7 17. Qxd4 Be6 18. Qf2 a6 19. Ba4 e4 20. Bb2 Rg8 21. Ba3+ 1-0


[Site "https://www.chess.com"]

[Event "Titled Tuesday Blitz February 22 Early 2022"]
[White "Maze, Sebastien"]
[Black "Moroni, Luca Jr"]
[WhiteFideId "613762"]
[BlackFideId "865834"]
[WhiteElo "2462"]
[BlackElo "2573"]
[Result "0-1"]
[Round "05"]
[TimeControl "180+1"]
[Date "2022.02.22"]
[WhiteClock "0:00:16"]
[BlackClock "0:00:56"]

1. e4 d6 2. d4 e5 3. dxe5 dxe5 4. Qxd8+ Kxd8 5. Bc4 f6 6. f4 Nd7 7. Nf3 Bd6 8. g3 Ne7 9. Nc3 c6 10. a4 Kc7 11. Be3 a5 12. O-O-O Ng6 13. f5 Ne7 14. Rd3 Bb4 15. Rhd1 Nc5 16. Bxc5 Bxc5 17. Be6 Bxe6 18. fxe6 Rad8 19. Rd7+ Rxd7 20. Rxd7+ Kc8 21. Nd2 Rd8 22. Rxd8+ Kxd8 23. Nc4 b6 24. Nd1 Ng6 25. Nde3 Nf8 26. e7+ Kxe7 27. Nf5+ Kf7 28. c3 Nd7 29. h3 g6 30. Nh4 Bf2 31. Nf3 Bxg3 32. b4 axb4 33. cxb4 Ke6 34. a5 bxa5 35. bxa5 Bf2 36. Kd2 Bc5 37. a6 Nb8 0-1


[Site "https://www.chess.com"]

[Event "Titled Tuesday Blitz February 22 Early 2022"]
[White "Medeiros Jr, Francisco De Assis"]
[Black "Murthy, Pappu"]
[WhiteFideId "2114267"]
[BlackFideId "2013401"]
[WhiteElo "1998"]
[BlackElo "1926"]
[Result "1-0"]
[Round "05"]
[TimeControl "180+1"]
[Date "2022.02.22"]
[WhiteClock "0:01:11"]
[BlackClock "0:00:22"]

1. d4 Nf6 2. Nf3 e6 3. Bg5 d5 4. Nbd2 c5 5. c3 Nc6 6. e3 Qb6 7. Rb1 Bd7 8. Bd3 Rc8 9. O-O Be7 10. a3 O-O 11. Ne5 cxd4 12. exd4 Rfd8 13. Ndf3 Be8 14. Re1 Na5 15. Bc2 Nc4 16. Qd3 g6 17. Nxc4 dxc4 18. Qd2 Bc6 19. Ne5 Bd5 20. Qf4 Kg7 21. Bh6+ Kg8 22. Re3 Qd6 23. Bg5 Kg7 24. Bh6+ Kg8 25. Rg3 b5 26. h4 Rc7 27. h5 Ba8 28. hxg6 fxg6 29. Bxg6 hxg6 30. Rxg6+ Kh8 31. Nf7+ Kh7 32. Rg7# 1-0


[Site "https://www.chess.com"]

[Event "Titled Tuesday Blitz February 22 Early 2022"]
[White "Melian, Juan Sebastian"]
[Black "Agibileg, Uurtsaikh"]
[WhiteFideId "3706575"]
[BlackFideId "4901606"]
[WhiteElo "1842"]
[BlackElo "2205"]
[Result "1-0"]
[Round "05"]
[TimeControl "180+1"]
[Date "2022.02.22"]
[WhiteClock "0:00:06"]
[BlackClock "0:00:01"]

1. Nf3 Nf6 2. b3 g6 3. Bb2 Bg7 4. e3 O-O 5. c4 c5 6. Be2 b6 7. O-O Bb7 8. d4 Ne4 9. Qc2 cxd4 10. Nxd4 Na6 11. a3 d5 12. Rd1 Rc8 13. Nd2 Nxd2 14. Qxd2 Nc5 15. b4 Ne4 16. Qe1 dxc4 17. Ne6 fxe6 18. Bxg7 Qe8 19. Bxf8 Qxf8 20. f3 Nd6 21. Rac1 Qf6 22. e4 c3 23. Bd3 Qd4+ 24. Qf2 Qe5 25. Rc2 Bc6 26. Rdc1 Ba4 27. Re2 g5 28. Qe3 h6 29. g3 Kh8 30. f4 gxf4 31. gxf4 Qg7+ 32. Rg2 Qf7 33. f5 Qf6 34. e5 Nxf5 35. Bxf5 Qxf5 36. Qxh6+ Qh7 37. Qe3 c2 38. Rg3 Bc6 39. Rh3 Rg8+ 40. Kf2 Rg2+ 41. Ke1 Rg1+ 42. Kd2 1-0


[Site "https://www.chess.com"]

[Event "Titled Tuesday Blitz February 22 Early 2022"]
[White "Mikhailovsky, Vladimir"]
[Black "Guseinov, Gadir"]
[WhiteFideId "34105414"]
[BlackFideId "13401378"]
[WhiteElo "2371"]
[BlackElo "2581"]
[Result "0-1"]
[Round "05"]
[TimeControl "180+1"]
[Date "2022.02.22"]
[WhiteClock "0:00:03"]
[BlackClock "0:01:01"]

1. c4 g6 2. Nc3 Bg7 3. d4 d6 4. e4 Nf6 5. Be2 O-O 6. Be3 c5 7. dxc5 Qa5 8. Bd2 dxc5 9. Nf3 Nc6 10. O-O Bg4 11. h3 Bxf3 12. Bxf3 e6 13. Na4 Qc7 14. Nxc5 Ne5 15. Nb3 Qxc4 16. Rc1 Nxf3+ 17. gxf3 Qb5 18. Rc5 Qa4 19. Ra5 Qc6 20. Be3 b6 21. Nd4 Qc7 22. Ra3 Nh5 23. Nb5 Qe5 24. Nd6 Rad8 25. Rd3 Nf4 26. Bxf4 Qxf4 27. Nc4 Rc8 28. b3 b5 29. Ne3 Be5 30. Re1 Qh2+ 31. Kf1 Qxh3+ 32. Ke2 Qh4 33. Rh1 Qe7 34. Ng4 Bg7 35. Rd7 Qa3 36. Qd2 b4 37. Kf1 h5 38. Nh6+ Bxh6 39. Qxh6 Qc1+ 40. Qxc1 Rxc1+ 41. Kg2 Rc2 42. Rxa7 Rd8 43. Rf1 Rdd2 44. Ra4 Rxa2 45. Rxb4 Kg7 46. f4 Rab2 47. Rb7 Rd4 48. f5 Rxe4 49. fxg6 Kxg6 50. Kf3 Re5 51. Rg1+ Kf6 52. Rf1 Rd5 53. Ke3 Rdd2 54. Rb8 Re2+ 55. Kf3 Rec2 56. b4 Rc3+ 57. Kg2 Rcb3 58. Rh1 Rxb4 59. Rxb4 Rxb4 60. Rxh5 e5 61. Rh3 Ke6 62. Rf3 f5 63. Ra3 e4 64. Kg3 Rb2 65. Ra6+ Ke5 66. Ra5+ Kf6 67. Ra3 Rd2 68. f3 Rd3 69. Rxd3 exd3 70. Kf2 f4 71. Ke1 Ke5 72. Kd1 Kd4 73. Kd2 Kc4 74. Kd1 d2 75. Kc2 d1=Q+ 76. Kxd1 Kd3 77. Ke1 Ke3 78. Kf1 Kxf3 0-1


[Site "https://www.chess.com"]

[Event "Titled Tuesday Blitz February 22 Early 2022"]
[White "Mirzanurov, Bulat"]
[Black "Vine, Elzbieta"]
[WhiteFideId "4184521"]
[BlackFideId "1119320"]
[WhiteElo "2116"]
[BlackElo "1894"]
[Result "1-0"]
[Round "05"]
[TimeControl "180+1"]
[Date "2022.02.22"]
[WhiteClock "0:01:21"]
[BlackClock "0:00:10"]

1. e4 c5 2. Nf3 d6 3. d4 cxd4 4. Nxd4 Nf6 5. Nc3 a6 6. Bg5 e6 7. f4 Be7 8. Qf3 Qc7 9. O-O-O b5 10. a3 Bb7 11. Bd3 Nbd7 12. g4 Nc5 13. Rhe1 Nxd3+ 14. cxd3 b4 15. axb4 a5 16. Nb5 Qb6 17. bxa5 Rxa5 18. Qe3 Rxb5 19. Nxb5 Qxb5 20. Bxf6 Bxf6 21. d4 O-O 22. e5 Bh4 23. Re2 d5 24. Rc2 Ra8 25. g5 Ra1+ 26. Kd2 Qb4+ 27. Qc3 Qxc3+ 28. Rxc3 Rxd1+ 29. Kxd1 Bf2 30. Rc7 Ba6 31. Ra7 Bxd4 32. Ra8+ 1-0


[Site "https://www.chess.com"]

[Event "Titled Tuesday Blitz February 22 Early 2022"]
[White "Miszler, Levente"]
[Black "Baker, Chris W"]
[WhiteFideId "763276"]
[BlackFideId "401676"]
[WhiteElo "1966"]
[BlackElo "2208"]
[Result "0-1"]
[Round "05"]
[TimeControl "180+1"]
[Date "2022.02.22"]
[WhiteClock "0:00:02"]
[BlackClock "0:00:06"]

1. Nf3 e6 2. c4 f5 3. d4 Nf6 4. Nc3 Be7 5. g3 O-O 6. Bg2 d6 7. O-O Ne4 8. Nd2 Nxc3 9. bxc3 e5 10. e3 Nc6 11. Nb3 Kh8 12. a4 Bd7 13. Ba3 Qe8 14. a5 a6 15. c5 Rd8 16. Qe2 Bc8 17. Rfb1 d5 18. c4 dxc4 19. Qxc4 exd4 20. exd4 Bf6 21. Rd1 Be6 22. d5 Bxa1 23. Rxa1 Bg8 24. Rd1 Ne5 25. Qe2 Qa4 26. Qxe5 Qxb3 27. Ra1 Rde8 28. Qd4 Re2 29. d6 cxd6 30. cxd6 Ra2 31. Rxa2 Qxa2 32. Bb2 Qb1+ 33. Bf1 Rf7 34. Kg2 Rd7 35. Bd3 Qd1 36. Qc3 Bd5+ 37. f3 Qxf3+ 38. Kh3 Qh5# 0-1


[Site "https://www.chess.com"]

[Event "Titled Tuesday Blitz February 22 Early 2022"]
[White "Mohammadian, Mohammad"]
[Black "Dejmek, Mark"]
[WhiteFideId "12566055"]
[BlackFideId "2017628"]
[WhiteElo "1543"]
[BlackElo "2209"]
[Result "1-0"]
[Round "05"]
[TimeControl "180+1"]
[Date "2022.02.22"]
[WhiteClock "0:01:00"]
[BlackClock "0:00:14"]

1. e4 e5 2. Nf3 Nc6 3. Bb5 a6 4. Ba4 Nf6 5. O-O Be7 6. Re1 b5 7. Bb3 d6 8. d3 O-O 9. h3 Na5 10. Nc3 Nxb3 11. axb3 Bb7 12. Be3 Re8 13. Qd2 c5 14. Ra2 b4 15. Ne2 Qc7 16. Rea1 d5 17. exd5 Nxd5 18. Ng3 Nxe3 19. Qxe3 Bf8 20. Ne4 f5 21. Ned2 h6 22. Nc4 e4 23. dxe4 Rxe4 24. Qd3 Rd8 25. Qf1 Qf4 26. Na5 Ba8 27. Qxa6 Ree8 28. Nc6 Rd6 29. Qb5 Bxc6 30. Qc4+ Bd5 31. Qxf4 1-0


[Site "https://www.chess.com"]

[Event "Titled Tuesday Blitz February 22 Early 2022"]
[White "Moiseenko, Alexander"]
[Black "Nakamura, Hikaru"]
[WhiteFideId "14102560"]
[BlackFideId "2016192"]
[WhiteElo "2577"]
[BlackElo "2850"]
[Result "0-1"]
[Round "05"]
[TimeControl "180+1"]
[Date "2022.02.22"]
[WhiteClock "0:00:02"]
[BlackClock "0:00:39"]

1. d4 f5 2. Bg5 c6 3. Nc3 Qb6 4. Qd2 d5 5. O-O-O e6 6. g4 Nd7 7. gxf5 exf5 8. Bh3 Ndf6 9. Nf3 Ne4 10. Nxe4 dxe4 11. Ne5 h6 12. Be3 Qa6 13. a3 Be6 14. Ng6 Bxa3 15. Qc3 Bf8 16. Nxh8 Nf6 17. d5 O-O-O 18. Ng6 Nxd5 19. Rxd5 Qa1+ 20. Kd2 Rxd5+ 21. Bd4 Qxh1 22. Nxf8 Bf7 23. Ke3 Qxh2 24. Qa3 Qxh3+ 25. f3 f4+ 26. Kd2 Rxd4+ 27. Kc3 Rc4+ 0-1


[Site "https://www.chess.com"]